 Dungeon Crawl Stone Soup version 0.30.1-9-gdf580d7c3d (webtiles) character file.

Game seed: 11621742315092991163

2245 Peloso the Carver (level 9, -10/72 (78) HPs)
             Began as a Minotaur Fighter on Oct 16, 2023.
             Was an Initiate of Okawaru.
             Mangled by a wight
             ... wielding a +5 great sword of freezing
              (20 damage)
             ... on level 6 of the Dungeon.
             The game lasted 00:10:03 (5849 turns).

Peloso the Carver (Minotaur Fighter)                Turns: 5849, Time: 00:10:05

HP:   -10/72 (78)   AC: 10    Str: 21    XL:     9   Next: 15%
MP:   8/8           EV:  9    Int:  5    God:    Okawaru [......]
Gold: 350           SH:  5    Dex: 14    Spells: 8/8 levels left

rFire   . . .        a - +0 long sword (freeze)
rCold   + . .        d - +0 buckler
rNeg    . . .        c - +0 chain mail
rPois   .            (helmet restricted)
rElec   .            (no cloak)
rCorr   .            (no gloves)
SInv    .            (no boots)
Will    +....        s - amulet of the acrobat Stlth
                     f - ring of willpower
HPRegen 0.32/turn    r - ring of protection from cold
MPRegen 0.11/turn

%: acrobat
@: lethally poisoned (-10 -> -17), slowed, drained, very slow
A: horns 2, retaliatory headbutt
a: Renounce Religion


You were on level 6 of the Dungeon.
You worshipped Okawaru.
Okawaru was noncommittal.
You visited 2 branches of the dungeon, and saw 8 of its levels.

You collected 350 gold pieces.

Inventory:

Hand Weapons
 a - a +0 long sword of freezing (weapon)
 b - a +0 long sword
Armour
 c - a +0 chain mail (worn)
 d - a +0 buckler (worn)
Jewellery
 f - a ring of willpower (left hand)
 r - a ring of protection from cold (right hand)
 s - an amulet of the acrobat (around neck)
 u - a +5 ring of evasion
 A - a ring of see invisible
Wands
 n - a wand of flame (39)
Scrolls
 g - a scroll of vulnerability {unknown}
 h - 2 scrolls of teleportation {unknown}
 i - a scroll of magic mapping {unknown}
 k - a scroll of brand weapon
 t - 2 scrolls of butterflies {unknown}
 v - a scroll of immolation
 w - 3 scrolls of fear {unknown}
 x - 3 scrolls of poison
 y - a scroll of noise
 z - a scroll of enchant weapon
 B - a scroll of silence {unknown}
 C - a scroll of amnesia {unknown}
 E - a scroll of fog {unknown}
Potions
 e - 3 potions of brilliance
 j - a potion of heal wounds
 l - 4 potions of lignification
 m - 3 potions of mutation
 o - a potion of might
 p - a potion of ambrosia
 q - a potion of resistance {unknown}
 D - a potion of haste {unknown}
 F - a potion of flight {unknown}


   Skills:
 + Level 6.9 Fighting
 + Level 9.5 Long Blades
 + Level 8.0 Armour
 + Level 2.6 Dodging
 + Level 0.6 Stealth
 + Level 6.5 Shields


You had 8 spell levels left.
You didn't know any spells.
Your spell library contained the following spells:

 Spells                   Type           Power      Damage    Failure   Level
 Beastly Appendage        Tmut           0%         N/A       98%         1
 Sublimation of Blood     Necr           0%         N/A       99%         2
 Wereblood                Tmut           0%         N/A       99%         2
 Spider Form              Tmut/Pois      0%         N/A       100%        3
 Summon Hydra             Summ           Unusable   N/A       N/A         7

Dungeon Overview and Level Annotations

Branches:
Dungeon (7/15)             Temple (1/1) D:6

Altars:
Ashenzari
Cheibriados
Dithmenos
Elyvilon
Gozag
Hepliaklqana
Kikubaaqudgha
Nemelex Xobeh
Okawaru
Qazlal
Ru
Sif Muna
Uskayaw
Vehumet
Wu Jian
Xom
Yredelemnul
The Shining One

Annotations:
D:4 2 runed translucent doors, Crazy Yiuf; gildax's ghost, amateur GrEE


Innate Abilities, Weirdness & Mutations

You have a pair of horns on your head.
You reflexively headbutt those who attack you in melee.


Message History

The wight attacks as you move away! You block the wight's attack.
The hornet attacks as you move away! The hornet misses you.
The hornet stings you!
You feel as though you will be slow longer.
The hornet stings you but does no damage.
The hornet attacks as you move away! The hornet misses you.
The wight attacks as you move away! The wight closely misses you.
You furiously retaliate!
You headbutt the wight!
You destroy the wight!
Okawaru accepts your kill. The hornet closely misses you. The wight misses you.
The hornet misses you.
You feel yourself speed up. The hornet completely misses you.
You block the wight's attack. The wight attacks as you move away!
The wight hits you with a +5 great sword of freezing.
You feel drained.
There is a stone staircase leading up here.
The hornet stings you!
You feel yourself slow down. The hornet barely misses you.
The wight barely misses you. You furiously retaliate!
You headbutt the wight.
You climb upwards.
You feel yourself speed up.
There is a stone staircase leading down here.
Unknown command.
You barely miss the wight.
The wight is moderately damaged.
You block the hornet's attack.
The wight hits you with a +5 great sword of freezing!
* * * LOW HITPOINT WARNING * * *
You feel drained.
* * * LOW HITPOINT WARNING * * *
The wight freezes you.
* * * LOW HITPOINT WARNING * * *
You feel much better. The hornet stings you!
* * * LOW HITPOINT WARNING * * *
You are poisoned.
You feel yourself slow down.
The hornet stings you but does no damage.
The wight hits you with a +5 great sword of freezing!!
You die...

..# #.# #.#####.# #....
#######.##### #.......# #.#.#
#.........# ###.##### #.#.#
#.###.###.# #.# #.#.# #.# #.##..#
##.## #.#.# #.# #.....# ##...##
#.#.# #.# ####..# ##.....##
##.... #.####.#..###y......##
##.##.#
###.........##..@......####...#.#
...............z................#
#######....###.........####...#.#
>#######.#.# ##...)..(## ##.##.#
..[........# ##.....## ####.#
#.###......# ##...## #.# #.#
#.###.## ##.## #.# #.###.###.#
#.# ###.# #.........# ######.###
#...#


You could see a hornet and a wight.

Vanquished Creatures
  Sigmund (D:6)
  A yak (D:5)
  Eustachio (D:4)
  2 water moccasins
  2 ice beasts
  2 black bears
  2 ogres
  A phantom (D:3)
  A kobold brigand (D:6)
  A gnoll sergeant (D:6)
  3 scorpions
  A wight (D:7)
  2 hounds
  An orc priest (D:6)
  2 jellies (D:6)
  A gnoll bouda (D:6)
  3 iguanas
  Natasha (thrice) (D:2)
  6 gnolls (D:6)
  14 adders
  A shadow imp (D:5)
  A white imp (D:5)
  3 worms
  A dart slug (D:3)
  2 orcs
  5 ball pythons
  8 endoplasms
  3 giant cockroaches
  10 hobgoblins
  4 jackals
  4 quokkas
  6 bats
  4 frilled lizards
  4 goblins
  13 kobolds
  6 rats
125 creatures vanquished.

Notes
Turn   | Place    | Note
-------+----------+-------------------------------------------
     0 | D:1      | Peloso the Minotaur Fighter began the quest for the Orb.
     0 | D:1      | Reached XP level 1. HP: 19/19 MP: 0/0
   113 | D:1      | Reached XP level 2. HP: 23/27 MP: 1/1
   444 | D:1      | Reached skill level 3 in Long Blades
   507 | D:1      | Reached XP level 3. HP: 32/33 MP: 2/2
  1382 | D:2      | Noticed Natasha
  1396 | D:2      | Killed Natasha
  1397 | D:2      | Reached XP level 4. HP: 14/40 MP: 3/3
  1594 | D:2      | Found a shimmering altar of Xom.
  1706 | D:2      | Noticed Natasha
  1718 | D:2      | Killed Natasha
  1719 | D:2      | Reached skill level 4 in Long Blades
  1719 | D:2      | Reached skill level 1 in Dodging
  1892 | D:2      | Noticed Natasha
  1897 | D:2      | Killed Natasha
  1898 | D:2      | Reached XP level 5. HP: 44/47 MP: 4/4
  2187 | D:3      | Found a faded altar of an unknown god.
  2191 | D:3      | Noticed a phantom
  2206 | D:3      | Killed a phantom
  2207 | D:3      | Reached skill level 5 in Long Blades
  2207 | D:3      | Reached skill level 5 in Armour
  2207 | D:3      | Reached XP level 6. HP: 52/53 MP: 5/5
  2716 | D:4      | Noticed Eustachio
  2749 | D:4      | Killed Eustachio
  2750 | D:4      | Reached skill level 6 in Long Blades
  2750 | D:4      | Reached skill level 5 in Shields
  2978 | D:4      | Reached skill level 5 in Fighting
  2978 | D:4      | Reached XP level 7. HP: 56/61 MP: 6/6
  2993 | D:4      | Found a radiant altar of Vehumet.
  3147 | D:4      | Found a runed translucent door.
  3154 | D:4      | Noticed gildax's ghost (amateur GrEE)
  3250 | D:4      | Found a runed translucent door.
  3251 | D:4      | Noticed Crazy Yiuf
  3439 | D:5      | Entered Level 5 of the Dungeon
  3585 | D:5      | Reached skill level 7 in Long Blades
  3921 | D:5      | Reached XP level 8. HP: 65/68 MP: 7/7
  4259 | D:6      | Reached skill level 8 in Long Blades
  4630 | D:6      | Noticed Sigmund
  4737 | D:6      | Killed Sigmund
  4738 | D:6      | Reached skill level 9 in Long Blades
  5308 | D:6      | Reached XP level 9. HP: 78/78 MP: 8/8
  5527 | D:6      | Found an ornate altar of the Wu Jian Council.
  5560 | D:6      | Found a staircase to the Ecumenical Temple.
  5573 | Temple   | Entered the Ecumenical Temple
  5744 | Temple   | Became a worshipper of Warmaster Okawaru
  5849 | D:6      | Mangled by a wight

Illustrated notes

Levels and vault maps discovered:
D:1:      eino_arrival_druids_welcome, layout_basic, minmay_bisected
D:2:      layout_loops_ring, basic_altar, minmay_stone_trees_small, uniq_natasha
D:3:      layout_rooms, shapermc_ecumenical_altar_gd, kennysheep_minor_cross,
          nrook_mini_backslash
D:4:      layout_gridville, nicolae_vehumet_altar_sigil,
          nicolae_overflow_hidden_temple, ebering_ghost_sewer_d,
          uniq_crazy_yiuf_cottage, uniq_eustachio
D:5:      minmay_angry_zag, layout_rooms, dk_noncrumbling_2
D:6:      layout_loops_corners, nicolae_wu_jian_immortal_techniques,
          minmay_temple_entry_proselytizer, uniq_sigmund
D:7:      layout_cave_pools, minmay_shop_grid_forest
Temple:   nicolae_temple_slightly_damp_pantheon

Skill      XL: |  1  2  3  4  5  6  7  8  9 |
---------------+----------------------------+-----
Armour         | 4 5 6 7 8 |  8.0
Fighting       | 4 5 6 |  6.9
Shields        | 4 5 6 |  6.5
Long Blades    | 3 4 5 6 7 9 |  9.5
Dodging        | 1 2 |  2.6
Stealth        | |  0.6

Action                     |  1- 3 |  4- 6 |  7- 9 || total
---------------------------+-------+-------+-------++-------
  Melee: Long sword        |   114 |   120 |   196 ||   430
         Headbutt          |    12 |    19 |    43 ||    74
    Use: Potion            |     4 |       |     1 ||     5
         Scroll            |       |       |     8 ||     8
 Armour: Scale mail        |    53 |       |       ||    53
         Chain mail        |    20 |    57 |    65 ||   142
  Dodge: Dodged            |    65 |    83 |    92 ||   240
  Block: Buckler           |    27 |    38 |    54 ||   119
